 Dungeon Crawl Stone Soup version 0.29.1-4-g47bece8355 (webtiles) character file.

Game seed: 15645405415956296923

1772 Jack47 the Cudgeller (level 9, -10/54 HPs)
             Began as a Gargoyle Fighter on Dec 3, 2022.
             Mangled by an ogre
             ... wielding a +0 giant club
              (18 damage)
             ... on level 5 of the Dungeon.
             The game lasted 00:14:05 (5713 turns).

Jack47 the Cudgeller (Gargoyle Fighter)             Turns: 5713, Time: 00:14:06

Health: -10/54     AC: 16    Str: 30    XL:     9   Next: 7%
Magic:  0/9        EV: 10    Int:  9    God:
Gold:   274        SH:  6    Dex: 15    Spells: 8/8 levels left

rFire   . . .      SeeInvis .   a - +0 flail
rCold   . . .      Faith    .   c - +0 buckler
rNeg    + . .      Spirit   +   b - +0 scale mail
rPois   ∞          Reflect  .   (no helmet)
rElec   +          Harm     .   (no cloak)
rCorr   .          Rampage  .   m - +1 pair of gloves
Will    .....                   (no boots)
Stlth   +.........              e - amulet of guardian spirit
HPRegen 0.18/turn               n - +6 ring of dexterity
MPRegen 0.11/turn               B - +6 ring of strength

@: no status effects
A: sickness immunity, AC +6, negative energy resistance 1, electricity
resistance, torment resistance 1, petrification resistance
a: no special abilities


You were on level 5 of the Dungeon.
You visited 1 branch of the dungeon, and saw 6 of its levels.

You collected 324 gold pieces.
You spent 50 gold pieces at shops.

Inventory:

Hand Weapons
 a - a +0 flail (weapon)
 p - a +1 longbow of flaming
 w - a +4 dire flail of draining
Armour
 b - a +0 scale mail (worn)
 c - a +0 buckler (worn)
 m - a +1 pair of gloves (worn)
Jewellery
 e - an amulet of guardian spirit (around neck)
 n - a +6 ring of dexterity (left hand)
 B - a +6 ring of strength (right hand)
Wands
 x - a wand of iceblast (6)
Scrolls
 i - a scroll of enchant weapon {unknown}
 l - a scroll of poison {unknown}
 o - a scroll of fog {unknown}
 q - 2 scrolls of teleportation
 t - 3 scrolls of amnesia
 u - a scroll of noise {unknown}
 y - a scroll of blinking {unknown}
 C - a scroll of magic mapping {unknown}
Potions
 d - a potion of might
 g - a potion of haste {unknown}
 j - 2 potions of attraction
 k - a potion of heal wounds {unknown}
 r - 2 potions of curing
 s - a potion of flight {unknown}
 z - a potion of brilliance {unknown}
 A - a potion of cancellation {unknown}


   Skills:
 + Level 5.4 Fighting
 + Level 7.3 Maces & Flails
 * Level 6.8 Armour
 - Level 0.7 Dodging
 - Level 2.7 Stealth
 * Level 6.3 Shields


You had 8 spell levels left.
You didn't know any spells.
Your spell library contained the following spells:

 Spells                   Type           Power      Damage    Failure   Level
 Slow                     Hex            0%         N/A       69%         1
 Confusing Touch          Hex            0%         N/A       96%         3
 Ozocubu's Armour         Ice            0%         N/A       96%         3
 Vampiric Draining        Necr           0%         2d6       96%         3
 Ozocubu's Refrigeration  Ice            0%         4d7       100%        7


Dungeon Overview and Level Annotations

Branches:
Dungeon (6/15)             Temple (0/1) D:5

Altars:
Fedhas
Kikubaaqudgha
Ru

Shops:
D:1 [   D:3 ?


Innate Abilities, Weirdness & Mutations

You are immune to sickness and miasma.
Your stone body is resilient. (AC +6)
You are immune to poison.
You resist negative energy. (rN+)
You are resistant to electric shocks. (rElec)
You are resistant to unholy torment.
You are immune to petrification.


Message History

You hear some strange, mumbled words.
A puff of flame appears from out of thin air!
The puff of flame misses you.
You hit the ogre.
The ogre is lightly wounded.
The ogre hits you with a +0 giant club! Something hits you but does no damage.
You hit the ogre but do no damage.
The ogre is lightly wounded.
You hear some strange, mumbled words.
A magic dart appears from out of thin air!
The magic dart hits you. The ogre hits you but does no damage.
You completely miss the ogre.
The ogre is lightly wounded.
Something hits you but does no damage. The ogre barely misses you.
You hear some strange, mumbled words.
You are confused.
There is a stone staircase leading up here.
The ogre closely misses you.
You climb upwards.
Reactivating autopickup.
There is a stone staircase leading down here.
You thump the ogre!
The ogre is heavily wounded.
The ogre hits you with a +0 giant club!
* * * LOW HITPOINT WARNING * * *
The ogre hits you with a +0 giant club!
* * * LOW HITPOINT WARNING * * *
There is a stone staircase leading down here.
You hit the ogre.
The ogre is heavily wounded.
You feel less confused. The ogre hits you but does no damage.
You hit the ogre.
The ogre is severely wounded.
The ogre completely misses you.
You hit the ogre.
The ogre is severely wounded.
The ogre hits you with a +0 giant club!!
You die...

.#####..###.# #.#..#
.######.###.# #.#..#
.#......!.#.#####
###....#
.#.####.#.......#
#....#.# .#.#
#.#.......# ##.#.##.#
.#.# #.#.......#
###..#.##.# .#.#
#.#.......####...##.##.#
.#.#
#.#............####....#
.#.# #.#......O@.####
######
.#.####.#.......>.#
.....#......####.####
##.#.#..##..........#
.........#..........#
.........#..........#
.........#..........#
.........#..........#
.........#..........#


You could see an ogre.

Vanquished Creatures
  5 yaks
  Edmund (D:4)
  A water moccasin (D:5)
  An orc warrior (D:6)
  A black bear (D:5)
  An ogre (D:5)
  3 scorpions
  A bullfrog (D:5)
  A necrophage (D:3)
  A gnoll bouda (D:4)
  A jelly (D:5)
  An iguana (D:5)
  2 orc wizards (D:5)
  3 gnolls (D:4)
  4 adders
  3 worms
  A dart slug (D:1)
  6 orcs
  6 endoplasms
  A giant cockroach (D:1)
  4 hobgoblins
  2 jackals (D:1)
  2 quokkas (D:3)
  2 ball pythons
  2 bats
  2 frilled lizards
  7 goblins
  9 kobolds
  2 rats
76 creatures vanquished.

Notes
Turn   | Place    | Note
-------+----------+-------------------------------------------
     0 | D:1      | Jack47 the Gargoyle Fighter began the quest for the Orb.
     0 | D:1      | Reached XP level 1. HP: 14/14 MP: 1/1
    19 | D:1      | Found Yqishrif's Armour Boutique.
    59 | D:1      | Reached XP level 2. HP: 3/19 MP: 2/2
   340 | D:1      | Found a faded altar of an unknown god.
  1218 | D:2      | Reached XP level 3. HP: 19/24 MP: 3/3
  1278 | D:2      | Reached skill level 1 in Stealth
  1775 | D:3      | Reached XP level 4. HP: 23/29 MP: 4/4
  1990 | D:3      | Noticed a necrophage
  1999 | D:3      | Found an ancient bone altar of Kikubaaqudgha.
  2056 | D:3      | Killed a necrophage
  2057 | D:3      | Reached skill level 3 in Maces & Flails
  2057 | D:3      | Reached XP level 5. HP: 33/33 MP: 5/5
  2106 | D:3      | Found Puahaah's Magic Scroll Emporium.
  2114 | D:3      | Bought a scroll of identify for 20 gold pieces
  2114 | D:3      | Bought a scroll of teleportation for 30 gold pieces
  2733 | D:4      | Reached skill level 4 in Maces & Flails
  2733 | D:4      | Reached XP level 6. HP: 38/38 MP: 6/6
  2803 | D:4      | Found a blossoming altar of Fedhas.
  2817 | D:4      | Found a sacrificial altar of Ru.
  2901 | D:4      | Noticed Edmund
  2923 | D:4      | Killed Edmund
  3339 | D:5      | Entered Level 5 of the Dungeon
  4434 | D:5      | Reached XP level 7. HP: 43/43 MP: 7/7
  4460 | D:5      | Reached skill level 5 in Maces & Flails
  4926 | D:5      | Reached skill level 5 in Armour
  4990 | D:5      | Found a staircase to the Ecumenical Temple.
  4999 | D:5      | Reached skill level 5 in Shields
  5140 | D:5      | Reached XP level 8. HP: 43/48 MP: 8/8
  5296 | D:6      | Noticed a yak
  5296 | D:6      | Noticed a yak
  5296 | D:6      | Noticed a yak
  5296 | D:6      | Noticed a yak
  5296 | D:6      | Noticed a yak
  5314 | D:6      | Killed a yak
  5315 | D:6      | Reached skill level 6 in Maces & Flails
  5319 | D:6      | Killed a yak
  5320 | D:6      | Reached skill level 5 in Fighting
  5329 | D:6      | Killed a yak
  5339 | D:6      | Killed a yak
  5392 | D:5      | Killed a yak
  5393 | D:5      | Reached skill level 7 in Maces & Flails
  5393 | D:5      | Reached XP level 9. HP: 7/54 MP: 3/9
  5713 | D:5      | Mangled by an ogre

Illustrated notes

Levels and vault maps discovered:
D:1:      minmay_arrival_solitary_statue, layout_basic,
          hellmonk_ecumenical_altar_zigzags, serial_shops, nicolae_shop_crystal,
          chequers_serial_rivers_room_a
D:2:      layout_rooms
D:3:      layout_rooms, lemuel_tele_altar, serial_shops, shop, chequers_garden
D:4:      layout_basic, mainiacjoe_overflow_big_doors,
          chequers_serial_rivers_micro_a, minmay_stone_trees_small, uniq_edmund
D:5:      layout_basic, minmay_temple_entry_ruins
D:6:      layout_loops_ring, gammafunk_ghost_nasty_kobolds

Skill      XL: |  1  2  3  4  5  6  7  8 |
---------------+-------------------------+-----
Stealth        | 1 2 |  2.7
Maces & Flails | 3 4 5 7 |  7.3
Armour         | 4 5 6 |  6.8
Fighting       | 4 5 |  5.4
Shields        | 4 5 6 |  6.3
Dodging        | |  0.7

Action                   |  1- 3 |  4- 6 |  7- 9 || total
-------------------------+-------+-------+-------++-------
Melee: Flail             |    88 |   130 |   147 ||   365
  Use: Scroll            |       |     2 |     3 ||     5
       Potion            |       |     2 |     1 ||     3
Armor: Scale mail        |    69 |    68 |    65 ||   202
       Skin              |       |    14 |     8 ||    22
Dodge: Dodged            |    51 |    44 |    76 ||   171
Block: Buckler           |    20 |    46 |    42 ||   108
